 Dungeon Crawl Stone Soup version 0.25.0-11-g1f837a76a1 (webtiles) character file.

Game seed: 2580619093412157394

413 Esekla the Conjurer (level 6, 0/30 HPs)
             Began as a Vine Stalker Conjurer on June 26, 2020.
             Slain by a sky beast (5 damage)
             ... on level 5 of the Dungeon.
             The game lasted 00:13:48 (1645 turns).

Esekla the Conjurer (Vine Stalker Conjurer)         Turns: 1645, Time: 00:13:49

Health: 0/30       AC:  2    Str: 11    XL:     6   Next: 90%
Magic:  0/11       EV: 12    Int: 17    God:
Gold:   143        SH:  0    Dex: 14    Spells: 8/11 levels left

rFire    . . .     SeeInvis .   d - +2 short sword (flame)
rCold    . . .     Gourm    .   (no shield)
rNeg     . . .     Faith    .   a - +0 robe
rPois    .         Spirit   +   (no helmet)
rElec    .         Reflect  .   (no cloak)
rCorr    .         Harm     .   (no gloves)
MR       .....                  (no boots)
Stlth    ++........             (no amulet)
HPRegen  0.50/turn              (no ring)
MPRegen  0.12/turn              (no ring)

@: no status effects
A: fangs 2, regeneration 1, magic shield, antimagic bite, no potion heal 3, rot
immunity
a: no special abilities


You were on level 5 of the Dungeon.
You were not hungry.

You visited 1 branch of the dungeon, and saw 5 of its levels.

You collected 143 gold pieces.

Inventory:

Hand Weapons
 d - a +2 short sword of flaming (weapon)
 m - the +4 hunting sling of the Spider {speed, +Blink rElec, unknown}
   (You found it on level 5 of the Dungeon)

   Attacks with this weapon are significantly faster.
   It insulates you from electricity.
   It lets you blink.
 o - a +3 trident
Missiles
 i - 2 boomerangs (quivered)
Armour
 a - a +0 robe (worn)
Scrolls
 e - 3 scrolls of remove curse {unknown}
 f - a scroll of blinking {unknown}
 h - 5 scrolls of identify {unknown}
 k - a scroll of enchant armour {unknown}
Potions
 b - 3 potions of flight {unknown}
 g - a potion of might {unknown}
 j - a potion of heal wounds {unknown}
 l - a potion of cancellation {unknown}
Comestibles
 c - 3 rations
 n - a chunk of flesh


   Skills:
 * Level 2.0 Fighting
 + Level 1.7 Short Blades
 + Level 2.1 Dodging
 - Level 2.4 Stealth
 * Level 3.1 Spellcasting
 * Level 6.6 Conjurations


You had 8 spell levels left.
You knew the following spells:

 Your Spells              Type           Power        Failure   Level  Hunger
a - Magic Dart            Conj           ####         1%          1    None
e - Searing Ray           Conj           ####..       1%          2    ##.....

Your spell library contained the following spells:

 Spells                   Type           Power        Failure   Level  Hunger
 Dazzling Flash           Conj/Hex       ##....       13%         3    ###....
 Fulminant Prism          Conj/Hex       ##........   41%         4    ####...
 Iskenderun's Mystic Bla  Conj/Tloc      ##......     41%         4    ####...


Dungeon Overview and Level Annotations

Branches:
Dungeon (5/15)
 Temple: D:4-7

Altars:
Hepliaklqana
Makhleb


Innate Abilities, Weirdness & Mutations

You have extremely sharp teeth.
Your natural rate of healing is unusually fast.
When hurt, damage is shared between your health and your magic reserves.
Your bite disrupts and absorbs the magic of your enemies.
Potions cannot restore your health.
You are immune to rotting.


Message History

(Press . to maintain the ray.)
The searing ray misses the sky beast.
The sky beast hits you. The sky beast shocks you.
Without enough magic to sustain it, your searing ray dissipates.
The sky beast flickers out of sight!
Deactivating autopickup; reactivate with Ctrl-A.
Something hits you. Something shocks you.
You closely miss something. Something hits you. Something shocks you.
* * * LOW HITPOINT WARNING * * *
A sky beast appears from thin air!
Reactivating autopickup.
You see here a +0 leather armour.
The sky beast flickers out of sight!
Deactivating autopickup; reactivate with Ctrl-A.
You see here a +0 club.
There is an escape hatch in the ceiling here.
Something hits you.
* * * LOW HITPOINT WARNING * * *
Something shocks you.
You die...

######### #.# #.......# #.#
#.# #.#####.#.#.# #.#
#.#####†#.#.# #.#
####....>)...#.# #.#
#<########.###.### #.# #.#
#.###.#..
#######.####@########.#<#.#.#
..........[)..............†..
#######.####.########.#.#.#..
#§# #.# #.#...#(< #)# #.#
#.###.###
##.####.########..[....+
................####.###
##.####.#######..# #.# ..#
#.# ##.# #.#


There were no monsters in sight!

Vanquished Creatures
  Grinder (D:4)
  A howler monkey (D:4)
  A jelly (D:5)
  An orc wizard (D:5)
  A worker ant (D:5)
  A howler monkey skeleton (D:5)
  3 adders
  A shadow imp (D:5)
  A dart slug (D:1)
  12 orcs
  5 bats
  3 giant cockroaches
  5 goblins
  A hobgoblin (D:2)
  3 jackals (D:3)
  5 kobolds
  3 quokkas
  A ball python (D:5)
  A quokka zombie (D:5)
  3 rats
53 creatures vanquished.

Notes
Turn   | Place    | Note
-------+----------+-------------------------------------------
     0 | D:1      | Esekla the Vine Stalker Conjurer began the quest for the
                  | Orb.
     0 | D:1      | Reached XP level 1. HP: 9/9 MP: 4/4
   156 | D:1      | Reached XP level 2. HP: 9/13 MP: 3/6
   467 | D:2      | Learned a level 2 spell: Searing Ray
   593 | D:2      | Reached XP level 3. HP: 16/16 MP: 7/7
   618 | D:2      | Found a hazy altar of Hepliaklqana.
  1072 | D:3      | Reached skill level 5 in Conjurations
  1155 | D:4      | Found a burning altar of Makhleb.
  1173 | D:4      | Gained mutation: Your natural rate of healing is unusually
                  | fast. [Vine Stalker growth]
  1173 | D:4      | Reached XP level 4. HP: 21/21 MP: 4/8
  1275 | D:4      | Noticed Grinder
  1277 | D:4      | Paralysed by Grinder for 7 turns
  1329 | D:4      | Killed Grinder
  1329 | D:4      | Reached skill level 1 in Fighting
  1329 | D:4      | Reached skill level 1 in Short Blades
  1329 | D:4      | Reached skill level 6 in Conjurations
  1329 | D:4      | Reached XP level 5. HP: 8/26 MP: 0/10
  1329 | D:4      | Reached XP level 6. HP: 9/30 MP: 0/11
  1339 | D:5      | Entered Level 5 of the Dungeon
  1493 | D:5      | Got a dazzling hunting sling
  1631 | D:5      | Noticed a sky beast
  1645 | D:5      | Slain by a sky beast

Illustrated notes

Levels and vault maps discovered:
D:1:      ncdulo_watergridlock, layout_loops_corners
D:2:      layout_loops_cross, nicolae_overflow_hidden_temple,
          cheibriados_altar_1, first_ration, minmay_hexomino_u4
D:3:      cheibrodos_old_hovel, layout_basic, uniq_jessica
D:4:      layout_basic, lemuel_round_altar, uniq_grinder, uniq_pikel
D:5:      layout_basic, minmay_temple_entry_junction

Skill      XL: |  1  2  3  4  5  6 |
---------------+-------------------+-----
Conjurations   | 5 6 |  6.6
Fighting       | 1 2 |  2.0
Short Blades   | 1 |  1.7
Dodging        | 2 |  2.1
Spellcasting   | 3 |  3.1
Stealth        | |  2.4

Action                   |  1- 3 |  4- 6 || total
-------------------------+-------+-------++-------
Melee: Short sword       |    29 |    37 ||    66
       Bite              |     4 |     4 ||     8
Throw: Boomerang         |     2 |     3 ||     5
 Cast: Magic Dart        |    18 |       ||    18
       Searing Ray       |     5 |    10 ||    15
 Stab: Sleeping          |     5 |       ||     5
  Eat: Chunk             |     1 |     2 ||     3
Armor: Robe              |     4 |     4 ||     8
Dodge: Dodged            |    25 |    24 ||    49
